[Event "FIDE World Rapid Chess Championship 2021"]
[White "Sargissian, Gabriel"]
[Black "Gukesh, D"]
[WhiteFideId "13300881"]
[BlackFideId "46616543"]
[WhiteElo "2693"]
[BlackElo "2050"]
[Result "1/2-1/2"]
[Round "07"]
[TimeControl "900+10"]
[Date "2021.12.27"]
[WhiteClock "0:03:57"]
[BlackClock "0:01:43"]

1. d4 Nf6 2. c4 e6 3. Nf3 d5 4. Nc3 Bb4 5. cxd5 exd5 6. Bg5 h6 7. Bh4 O-O 8. e3 Bf5 9. Qb3 Bxc3+ 10. bxc3 Nbd7 11. Be2 c5 12. dxc5 Nxc5 13. Qb4 Rc8 14. O-O g5 15. Bg3 Nfe4 16. Be5 Re8 17. Bd4 a5 18. Qa3 Ne6 19. Rac1 Nxd4 20. Nxd4 Bg6 21. Qb2 Re7 22. Bf3 Nc5 23. Be2 Ne4 24. Rfd1 Rec7 25. Nb5 Rc5 26. c4 Qf6 27. Qxf6 Nxf6 28. Nd6 R8c7 29. f3 Kf8 30. Nb5 Rc8 31. Nd6 R8c7 32. Nb5 Rc8 33. Kf2 Ke7 34. a4 dxc4 35. e4 c3 36. Nd6 R8c7 37. Nb5 Rc8 38. Nd6 R8c7 39. Nb5 1/2-1/2


[Site "http://www.Chess.com"]

[Event "FIDE World Rapid Chess Championship 2021"]
[White "Karjakin, Sergey"]
[Black "Gabuzyan, Hovhannes"]
[WhiteFideId "14109603"]
[BlackFideId "13303732"]
[WhiteElo "2757"]
[BlackElo "2535"]
[Result "1-0"]
[Round "07"]
[TimeControl "900+10"]
[Date "2021.12.27"]
[WhiteClock "0:06:33"]
[BlackClock "0:07:15"]

1. e4 c5 2. Nf3 d6 3. d4 cxd4 4. Nxd4 Nf6 5. Nc3 a6 6. Bd3 e5 7. Nde2 Nbd7 8. a4 Be7 9. Ng3 Nc5 10. Nf1 O-O 11. Ne3 Be6 12. a5 Rc8 13. O-O Nxd3 14. Qxd3 Rc5 15. b4 Rxc3 16. Qxc3 Nxe4 17. Qd3 d5 18. Bb2 f6 19. Rfd1 Bxb4 20. c4 Nc5 21. Qb1 Nb3 22. cxd5 Bd7 23. Ba3 Bxa3 24. Qxb3 Bc5 25. d6+ Kh8 26. Qxb7 Bb5 27. Rac1 Bxe3 28. fxe3 f5 29. Qe7 e4 30. Qxd8 Rxd8 31. d7 1-0


[Site "http://www.Chess.com"]

[Event "FIDE World Rapid Chess Championship 2021"]
[White "Petrosyan, Manuel"]
[Black "Mamedov, Rauf"]
[WhiteFideId "13300857"]
[BlackFideId "13401653"]
[WhiteElo "2514"]
[BlackElo "2690"]
[Result "1/2-1/2"]
[Round "07"]
[TimeControl "900+10"]
[Date "2021.12.27"]
[WhiteClock "0:00:56"]
[BlackClock "0:00:43"]

1. d4 d5 2. Nf3 Nf6 3. Bf4 g6 4. Nbd2 Bg7 5. Nb3 O-O 6. h3 a5 7. a4 Ne4 8. e3 c5 9. Nfd2 cxd4 10. exd4 Nc6 11. c3 e5 12. dxe5 Nxe5 13. Be2 Qh4 14. g3 Qe7 15. Kf1 b6 16. Nd4 Bb7 17. Bxe5 Bxe5 18. N2f3 Bd6 19. Kg2 Qf6 20. Bb5 Bc5 21. Qd3 Rac8 22. Rad1 Rc7 23. Rhf1 Re7 24. Ng1 Bxd4 25. Qxd4 Qxd4 26. Rxd4 Nd6 27. Bd3 Rc8 28. f3 Nc4 29. Bxc4 Rxc4 30. Rc1 Rxd4 31. cxd4 Re3 32. Rc2 Ba6 33. Kf2 Rb3 34. Ne2 Rb4 35. Nc3 Rxd4 36. g4 Bc4 37. Ke1 Rd3 38. Kf2 Kg7 39. Ne2 Rd1 40. Nc1 Ba6 41. Nb3 Bc4 42. Nc1 g5 43. b3 Ba6 44. Ne2 Bxe2 45. Kxe2 Rb1 46. Rc3 d4 47. Rd3 Kf6 48. Rxd4 Rxb3 49. Re4 h6 50. Rc4 Ke5 51. Rc6 f6 52. Kf2 Rb1 53. Kg3 Rb2 54. h4 Rb4 55. h5 Rxa4 56. Rxb6 Ra1 57. Rb5+ Ke6 58. Rb6+ Ke7 59. Rb7+ Ke6 60. Rb6+ Ke5 61. Rb5+ Kd4 62. Rf5 a4 63. Rxf6 a3 64. Ra6 Ke3 65. Kg2 Ra2+ 66. Kg3 Ra1 67. Kg2 a2 68. Re6+ Kd4 69. Ra6 Kc4 70. Ra8 Kc3 71. Rc8+ Kb4 72. Rb8+ Ka5 73. Ra8+ Kb6 74. Ra3 1/2-1/2


[Site "http://www.Chess.com"]

[Event "FIDE World Rapid Chess Championship 2021"]
[White "Demchenko, Anton"]
[Black "Mastrovasilis, Dimitrios"]
[WhiteFideId "4160258"]
[BlackFideId "4202694"]
[WhiteElo "2666"]
[BlackElo "2534"]
[Result "1/2-1/2"]
[Round "07"]
[TimeControl "900+10"]
[Date "2021.12.27"]
[WhiteClock "0:00:10"]
[BlackClock "0:00:47"]

1. e4 e5 2. Nf3 Nc6 3. Bc4 Nf6 4. d3 Bc5 5. Bg5 h6 6. Bh4 O-O 7. a4 Be7 8. Bg3 d6 9. h3 Be6 10. Bxe6 fxe6 11. c3 Qd7 12. O-O a5 13. Nbd2 Rf7 14. Qb3 b6 15. Qb5 Bf8 16. Rfe1 Rd8 17. Rac1 Nh5 18. Bh2 Nf4 19. Bxf4 Rxf4 20. Re3 Rf7 21. Nh2 Na7 22. Qb3 Nc6 23. Rf3 Rxf3 24. Ndxf3 Be7 25. Ng4 Kh7 26. Qc4 h5 27. Ne3 Bf6 28. h4 g6 29. g3 Kg7 30. Qb5 Ne7 31. Qb3 Nc6 32. Kg2 Qf7 33. Qd1 Rf8 34. Qe2 Nb8 35. d4 Nd7 36. Nc4 exd4 37. cxd4 d5 38. exd5 exd5 39. Nce5 Bxe5 40. dxe5 Nc5 41. Nd4 Re8 42. f4 Ne6 43. Nxe6+ Rxe6 44. Qd3 c6 45. Qd4 Qf5 46. Qxb6 Qe4+ 47. Kg1 d4 48. Rf1 Qe3+ 49. Kg2 Qe4+ 50. Rf3 Re7 51. Qxa5 Rb7 52. b4 d3 53. b5 c5 54. Qc3 c4 55. f5 gxf5 56. e6+ Kg6 57. Qc1 f4 58. Qf1 Rg7 59. Kh2 fxg3+ 60. Rxg3+ Kh7 61. Rxg7+ Kxg7 62. Qf7+ Kh6 63. Qf8+ Kh7 64. Qe7+ Kg6 65. Qg5+ Kh7 66. Qxh5+ Kg7 67. Qf7+ Kh6 68. e7 Qxh4+ 69. Kg2 Qg4+ 70. Kf2 Qe2+ 71. Kg3 Qe3+ 72. Kg4 d2 73. Qf6+ Kh7 74. Qf7+ Kh6 75. Qf4+ Qxf4+ 76. Kxf4 d1=Q 77. e8=Q Qf1+ 78. Kg3 Qg1+ 79. Kh3 Qh1+ 80. Kg3 Qg1+ 81. Kh3 1/2-1/2


[Site "http://www.Chess.com"]

[Event "FIDE World Rapid Chess Championship 2021"]
[White "Antipov, Mikhail Al."]
[Black "Pichot, Alan"]
[WhiteFideId "4107012"]
[BlackFideId "110973"]
[WhiteElo "2644"]
[BlackElo "2523"]
[Result "0-1"]
[Round "07"]
[TimeControl "900+10"]
[Date "2021.12.27"]
[WhiteClock "0:00:38"]
[BlackClock "0:05:03"]

1. e4 e5 2. Nf3 Nc6 3. Bc4 Nf6 4. d3 Bc5 5. c3 d6 6. O-O O-O 7. Re1 h6 8. Nbd2 a5 9. Nf1 Be6 10. Bb5 Ne7 11. d4 exd4 12. Nxd4 Bg4 13. f3 Bd7 14. Bd3 Ng6 15. Ng3 Re8 16. Be3 Ne5 17. Ndf5 Bxe3+ 18. Nxe3 b5 19. Bf1 Qb8 20. Qd4 Nc6 21. Qd2 Qb6 22. Kh1 Ne5 23. Qd4 Rab8 24. Rad1 Be6 25. b3 b4 26. Qxb6 Rxb6 27. c4 Ned7 28. Nd5 Bxd5 29. cxd5 Nc5 30. Nf5 a4 31. Nd4 Ra8 32. Kg1 Nfd7 33. Kf2 Ne5 34. f4 Ng4+ 35. Kg3 Nf6 36. Kf3 axb3 37. axb3 Re8 38. Rc1 Nfxe4 39. Re2 Ra6 40. Rc4 Ra1 0-1


[Site "http://www.Chess.com"]

[Event "FIDE World Rapid Chess Championship 2021"]
[White "Riazantsev, Alexander"]
[Black "Christiansen, Johan-Sebastian"]
[WhiteFideId "4125029"]
[BlackFideId "1512668"]
[WhiteElo "2632"]
[BlackElo "2522"]
[Result "1/2-1/2"]
[Round "07"]
[TimeControl "900+10"]
[Date "2021.12.27"]
[WhiteClock "0:00:04"]
[BlackClock "0:00:19"]

1. d4 d5 2. c4 dxc4 3. Nf3 a6 4. e3 b5 5. a4 Bb7 6. b3 e6 7. bxc4 bxc4 8. Bxc4 c5 9. O-O Nf6 10. Qe2 cxd4 11. Nxd4 Bd6 12. Nd2 O-O 13. Bb2 Nbd7 14. a5 Qe7 15. h3 Rfc8 16. Rfc1 Bb4 17. N4b3 e5 18. Bd3 Qd6 19. Nc4 Qe6 20. e4 g6 21. Kh2 Bf8 22. Rc2 Rab8 23. Rac1 Bxe4 24. Bxe4 Nxe4 25. Qxe4 Rxb3 26. Ba1 Rb4 27. Qe2 Bh6 28. Ne3 Rxc2 29. Rxc2 Rb5 30. Nc4 Rc5 31. Bb2 Bg7 32. Ba3 Rc6 33. Nb6 Nb8 34. Qd3 Bf6 35. Rd2 h5 36. Qe4 Be7 37. Bb2 Bf6 38. f4 Kh7 39. fxe5 Bg7 40. Qd5 Qxd5 41. Nxd5 Rc5 42. Nf6+ Bxf6 43. exf6 Rxa5 44. Rd8 Rb5 45. Bc3 g5 46. Rf8 Kg6 47. g4 hxg4 48. hxg4 Nd7 49. Rg8+ Kh6 50. Rh8+ Kg6 51. Rg8+ Kh6 52. Rh8+ 1/2-1/2


[Site "http://www.Chess.com"]

[Event "FIDE World Rapid Chess Championship 2021"]
[White "Ponkratov, Pavel"]
[Black "Yuffa, Daniil"]
[WhiteFideId "4157800"]
[BlackFideId "24131423"]
[WhiteElo "2614"]
[BlackElo "2514"]
[Result "1-0"]
[Round "07"]
[TimeControl "900+10"]
[Date "2021.12.27"]
[WhiteClock "0:06:21"]
[BlackClock "0:02:19"]

1. e4 c6 2. d4 d5 3. e5 c5 4. dxc5 e6 5. Qg4 h5 6. Qg3 Ne7 7. Bd3 Nd7 8. Be3 h4 9. Qf4 Nc6 10. Nf3 Nxc5 11. O-O Nxd3 12. cxd3 Be7 13. Nc3 h3 14. g3 Rh5 15. d4 Qb6 16. Qg4 g6 17. Ne2 Bd7 18. Nf4 Rh7 19. Nxh3 O-O-O 20. Nhg5 Rg7 21. b3 f6 22. exf6 Bxf6 23. Rac1 e5 24. Qh4 e4 25. Ne5 Bf5 26. Qf4 Qc7 27. b4 Bxe5 28. dxe5 d4 29. b5 dxe3 30. Qxe3 Rd3 31. Qf4 Qd7 32. bxc6 bxc6 33. Nxe4 Rd4 34. Nd6+ Qxd6 35. exd6 Rxf4 36. gxf4 Kd7 37. Rfd1 Rg8 38. Rc5 Be4 39. Ra5 Bd5 40. Rdxd5 cxd5 41. Rxd5 Rf8 42. Rd4 Rc8 43. Kg2 Rc3 44. a4 Ra3 45. f3 a5 46. Kg3 Ra1 47. h4 Rg1+ 48. Kh2 Ra1 49. f5 gxf5 50. h5 Rb1 51. Rd5 Rb4 52. Rxa5 Rh4+ 53. Kg3 Rxh5 54. Ra6 Ke6 55. Rb6 f4+ 56. Kg4 Rc5 57. Rb4 Kxd6 58. Re4 Rc8 59. Kxf4 Rf8+ 60. Ke3 Rb8 61. Rd4+ Kc5 62. f4 Rb1 63. Re4 Kd5 64. Re5+ Kd6 65. a5 Rb8 66. Ke4 Rb7 67. Rd5+ Kc6 68. Rd4 Re7+ 69. Kf5 Re8 70. Kg6 Rg8+ 71. Kf7 Rg4 72. a6 Kb6 73. Ra4 Ka7 74. Ke6 Rh4 75. Kf6 Rg4 76. Ke5 Rh4 77. Ra1 1-0


[Site "http://www.Chess.com"]

[Event "FIDE World Rapid Chess Championship 2021"]
[White "Sanal, Vahap"]
[Black "Adly, Ahmed"]
[WhiteFideId "6300545"]
[BlackFideId "10601619"]
[WhiteElo "2509"]
[BlackElo "2597"]
[Result "1-0"]
[Round "07"]
[TimeControl "900+10"]
[Date "2021.12.27"]
[WhiteClock "0:01:28"]
[BlackClock "0:00:01"]

1. e4 c5 2. Nc3 d6 3. Nf3 Nc6 4. d4 cxd4 5. Nxd4 Nf6 6. Bg5 Bd7 7. Qd2 Rc8 8. O-O-O Nxd4 9. Qxd4 Qa5 10. Bxf6 gxf6 11. f4 Qc5 12. Qd3 e6 13. Kb1 a6 14. g3 h5 15. h4 Rg8 16. Bh3 b5 17. Ne2 b4 18. Nd4 a5 19. Rhe1 a4 20. e5 fxe5 21. fxe5 d5 22. Rf1 Rg7 23. Qf3 a3 24. Qxh5 b3 25. cxb3 axb2 26. Qf3 Qa3 27. Nc2 Rxc2 28. Kxc2 Qxa2 29. Rb1 Bb5 30. Qc3 Qa6 31. Rf4 Ba3 32. Bf1 Bxf1 33. Rbxf1 Kd8 34. Re1 f5 35. Ra4 Qb7 36. Rd1 Rc7 37. Rc4 Rxc4 38. bxc4 Bb4 39. Qxb2 Qb6 40. cxd5 Ke8 41. Kb1 Qa5 42. dxe6 Qb5 43. Qb3 Ke7 44. Qd3 1-0


[Site "http://www.Chess.com"]

[Event "FIDE World Rapid Chess Championship 2021"]
[White "Nihal, Sarin"]
[Black "Quparadze, Giga"]
[WhiteFideId "25092340"]
[BlackFideId "13602250"]
[WhiteElo "2500"]
[BlackElo "2583"]
[Result "1/2-1/2"]
[Round "07"]
[TimeControl "900+10"]
[Date "2021.12.27"]
[WhiteClock "0:01:38"]
[BlackClock "0:08:04"]

1. d4 Nf6 2. Nf3 e6 3. e3 c5 4. Bd3 d5 5. O-O Nbd7 6. c3 g6 7. Nbd2 Bg7 8. e4 dxe4 9. Nxe4 Nxe4 10. Bxe4 cxd4 11. Nxd4 O-O 12. Re1 Nf6 13. Bf3 a6 14. Bf4 Nd5 15. Bg3 Qb6 16. Bxd5 exd5 17. Qd2 Bd7 18. Be5 f6 19. Bg3 Rae8 20. f3 Rxe1+ 21. Rxe1 Re8 22. Rxe8+ Bxe8 23. Bf2 Qd6 24. Nb3 Bf7 25. Bd4 h5 26. Nc5 b5 27. Nd3 Kh7 28. Qf4 Qe6 29. Kf2 g5 30. Qd2 Qd6 31. Kg1 h4 32. h3 Bg6 33. Nc5 a5 34. Qe2 b4 35. cxb4 axb4 36. Ne6 Bf5 37. Nxg7 Kxg7 38. Kh1 Kf7 39. Qb5 Bd7 40. Qb7 Kg6 41. a3 bxa3 42. bxa3 Qe6 43. Qb1+ Qf5 44. Qd1 Qe6 45. a4 Qa6 46. Qb1+ Kg7 47. Qe1 Bxa4 48. f4 Kg6 49. fxg5 fxg5 50. Qb1+ Kh6 51. Qf5 Qg6 52. Qf8+ Kh5 53. Qh8+ Qh6 54. Qc8 Qc6 55. Qg4+ Kg6 56. Be3 Bc2 57. Qxg5+ Kf7 58. Qxh4 Be4 59. Kg1 Qg6 60. Qf2+ Qf5 61. g4 Qxf2+ 62. Kxf2 d4 63. Bxd4 Bc6 64. Kg3 Kg6 65. h4 Bd7 66. h5+ Kh7 67. Kf4 Be6 68. Bc3 Bd7 69. Kg5 Be6 70. Kh4 Bd7 71. g5 Be8 72. g6+ Bxg6 73. hxg6+ Kxg6 1/2-1/2


[Site "http://www.Chess.com"]

[Event "FIDE World Rapid Chess Championship 2021"]
[White "Gajewski, Grzegorz"]
[Black "Bluebaum, Matthias"]
[WhiteFideId "1116207"]
[BlackFideId "24651516"]
[WhiteElo "2496"]
[BlackElo "2575"]
[Result "0-1"]
[Round "07"]
[TimeControl "900+10"]
[Date "2021.12.27"]
[WhiteClock "0:00:38"]
[BlackClock "0:04:27"]

1. d4 d5 2. Nf3 Nf6 3. Bf4 c5 4. e3 Nc6 5. Nbd2 cxd4 6. exd4 Qb6 7. Nb3 Bf5 8. c3 e6 9. Be2 Be7 10. O-O O-O 11. Nh4 Be4 12. f3 Bg6 13. Nxg6 hxg6 14. Bd3 e5 15. Be3 exd4 16. cxd4 Ne5 17. Rc1 Rac8 18. Rxc8 Rxc8 19. Bb1 Nc4 20. Bc1 a5 21. Re1 Bb4 22. Re2 a4 23. Na1 Bc3 24. Nb3 axb3 25. bxc3 b2 26. Bg5 Re8 27. Rf2 Na3 28. Bd2 Nd7 29. g3 Qb5 30. Kg2 Nb6 31. Bf4 Nbc4 32. h4 Nxb1 33. Qxb1 Re1 34. Qxe1 b1=Q 35. Qe7 Qf5 36. Re2 Qfd7 37. Qg5 Qbc6 0-1


[Site "http://www.Chess.com"]

[Event "FIDE World Rapid Chess Championship 2021"]
[White "Sadhwani, Raunak"]
[Black "Ghaem Maghami, Ehsan"]
[WhiteFideId "35093487"]
[BlackFideId "12500739"]
[WhiteElo "2454"]
[BlackElo "2553"]
[Result "0-1"]
[Round "07"]
[TimeControl "900+10"]
[Date "2021.12.27"]
[WhiteClock "0:00:55"]
[BlackClock "0:00:38"]

1. c4 Nf6 2. Nc3 e5 3. Nf3 Nc6 4. e4 Bb4 5. d3 d6 6. a3 Bc5 7. b4 Bd4 8. Bb2 Bg4 9. Be2 Bxf3 10. Bxf3 a5 11. b5 Nb8 12. Qc2 Nbd7 13. O-O Nc5 14. Rad1 O-O 15. g3 a4 16. Ne2 Bxb2 17. Qxb2 Re8 18. Bg2 Nb3 19. Nc3 c6 20. Rb1 Nd7 21. f4 Ndc5 22. Rbd1 Qf6 23. f5 Qh6 24. Qf2 Nd4 25. h4 Rf8 26. Bh3 Kh8 27. Kg2 g5 28. Bg4 gxh4 29. gxh4 Rg8 30. Kh3 f6 31. Rg1 Rg7 32. bxc6 bxc6 33. Ne2 Nxe2 34. Bxe2 Rag8 35. Rxg7 Qxg7 36. Kh2 Qh6 37. Rg1 Rxg1 38. Kxg1 Qc1+ 39. Kh2 Qxa3 40. Qf3 Qb2 41. Qh5 Kg7 42. Kg3 Qb8 43. Qg4+ Kh8 44. Qh5 Qg8+ 45. Kh3 a3 46. Qh6 Nd7 47. Qd2 Qa8 48. Qa2 Nc5 49. h5 Nb3 50. c5 d5 51. exd5 Nc1 52. Qd2 Nxe2 53. Qh6 Nf4+ 54. Kh4 Nxd5 0-1


[Site "http://www.Chess.com"]

[Event "FIDE World Rapid Chess Championship 2021"]
[White "Kozak, Adam"]
[Black "Kantor, Gergely"]
[WhiteFideId "753246"]
[BlackFideId "751499"]
[WhiteElo "2552"]
[BlackElo "2454"]
[Result "0-1"]
[Round "07"]
[TimeControl "900+10"]
[Date "2021.12.27"]
[WhiteClock "0:00:20"]
[BlackClock "0:00:47"]

1. e4 e5 2. Nf3 Nc6 3. Bb5 a6 4. Ba4 Nf6 5. Bxc6 dxc6 6. d3 Bd6 7. Nc3 Qe7 8. h3 Be6 9. Be3 h6 10. a3 c5 11. b3 O-O-O 12. Nd2 g5 13. Nc4 Rhg8 14. Qd2 Rg6 15. Nxd6+ Qxd6 16. a4 Nh5 17. g3 Nf4 18. h4 Bg4 19. hxg5 hxg5 20. gxf4 gxf4 21. Nd5 fxe3 22. Qxe3 f5 23. Kd2 f4 24. Qe1 Be6 25. Nc3 Qd4 26. Kc1 Rg2 27. Rf1 Rh8 28. Rb1 Rhh2 29. Ne2 Qb4 30. Qc3 Qxc3 31. Nxc3 Rxf2 32. Rxf2 Rxf2 33. Kb2 f3 34. Rh1 Rd2 35. Rh8+ Kd7 36. Rf8 Rf2 37. Nd1 Rf1 38. Ne3 Ke7 39. Rh8 Re1 40. Rh7+ Kd6 41. Nf5+ Bxf5 42. Rh6+ 0-1


[Site "http://www.Chess.com"]

[Event "FIDE World Rapid Chess Championship 2021"]
[White "Piorun, Kacper"]
[Black "Teclaf, Pawel"]
[WhiteFideId "1130420"]
[BlackFideId "1185934"]
[WhiteElo "2547"]
[BlackElo "2345"]
[Result "1/2-1/2"]
[Round "07"]
[TimeControl "900+10"]
[Date "2021.12.27"]
[WhiteClock "0:02:55"]
[BlackClock "0:03:42"]

1. e4 c5 2. Nf3 e6 3. g3 Nc6 4. Bg2 Nf6 5. d3 Be7 6. O-O O-O 7. Re1 d6 8. d4 cxd4 9. Nxd4 Bd7 10. Nc3 Nxd4 11. Qxd4 Bc6 12. a4 d5 13. exd5 Nxd5 14. Nxd5 Bxd5 15. Bxd5 Bf6 16. Qb4 Qxd5 17. Ra3 Qc6 18. Qe4 Rac8 19. Qxc6 Rxc6 20. c3 Rd8 21. Be3 a6 22. Rb3 Rd7 23. Kf1 Rc4 24. Ra1 Kf8 25. Ke2 Ke8 26. Rd1 Rxd1 27. Kxd1 Rc7 28. Ke2 Be7 29. g4 Kd7 30. Kd3 Kc8 31. Bb6 Rd7+ 32. Ke2 h5 33. h3 Rd5 34. c4 Re5+ 35. Re3 Rxe3+ 36. Kxe3 hxg4 37. hxg4 Kd7 38. Bd4 g6 39. Ke4 1/2-1/2


[Site "http://www.Chess.com"]

[Event "FIDE World Rapid Chess Championship 2021"]
[White "Vastrukhin, Oleg"]
[Black "Vokhidov, Shamsiddin"]
[WhiteFideId "4192770"]
[BlackFideId "14204223"]
[WhiteElo "2382"]
[BlackElo "2546"]
[Result "1-0"]
[Round "07"]
[TimeControl "900+10"]
[Date "2021.12.27"]
[WhiteClock "0:01:03"]
[BlackClock "0:00:16"]

1. Nf3 d5 2. g3 Nd7 3. d4 Nb6 4. b3 Bf5 5. a4 e6 6. a5 Nd7 7. a6 b5 8. Bg2 Ngf6 9. O-O Be7 10. Nbd2 Ne4 11. c4 c6 12. Nxe4 Bxe4 13. Bf4 O-O 14. Ne5 Nxe5 15. Bxe4 Nxc4 16. Bb1 Nd6 17. Qd3 g6 18. h4 Rc8 19. h5 Ne4 20. Kg2 Bg5 21. Qe3 Bxf4 22. Qxf4 Nf6 23. Rh1 Qe7 24. Qg5 Rc7 25. Bd3 Rfc8 26. Rh4 Ne8 27. Qh6 Qf6 28. Rah1 Qg7 29. hxg6 fxg6 30. Qe3 Nf6 31. Qxe6+ Qf7 32. Qxf7+ Kxf7 33. Rc1 h5 34. Rhh1 Rb8 35. Rc2 Rb6 36. Rhc1 g5 37. Rc5 Ke6 38. Rxb5 Rxb5 39. Bxb5 Kd6 40. Bd3 Rc8 41. f3 Re8 42. Re1 g4 43. Kf2 Rb8 44. e4 dxe4 45. fxe4 Rxb3 46. e5+ Kd5 47. exf6 Rxd3 48. Re5+ Kd6 49. Rxh5 Rf3+ 50. Kg2 Rxf6 51. Rh7 Rf3 52. Rxa7 Ra3 53. Ra8 Ra2+ 54. Kf1 Kc7 55. a7 Kb7 56. Rg8 Kxa7 57. Rxg4 Kb6 58. Rf4 Kb5 59. g4 Kc4 60. g5 Kd5 61. g6 Ra8 62. Ke2 Rg8 63. Rg4 Ke6 64. g7 Kf5 65. Rg3 Ke4 66. Rg4+ Kf5 67. Kf3 Kf6 68. Kf4 Ke6 69. Rg6+ Kf7 70. Ke4 1-0


[Site "http://www.Chess.com"]

[Event "FIDE World Rapid Chess Championship 2021"]
[White "Demidov, Mikhail"]
[Black "Holm, Kristian Stuvik"]
[WhiteFideId "4197143"]
[BlackFideId "1508083"]
[WhiteElo "2544"]
[BlackElo "2409"]
[Result "1-0"]
[Round "07"]
[TimeControl "900+10"]
[Date "2021.12.27"]
[WhiteClock "0:00:32"]
[BlackClock "0:00:19"]

1. d4 Nf6 2. Nf3 d5 3. Bf4 e6 4. e3 c5 5. dxc5 Bxc5 6. Be2 O-O 7. O-O Nc6 8. c4 dxc4 9. Bxc4 Qxd1 10. Rxd1 b6 11. Nc3 Bb7 12. Nb5 Rad8 13. Ne5 a6 14. Nxc6 Bxc6 15. Nc7 a5 16. h3 Nd5 17. Bg5 Rd7 18. Na6 Bd6 19. e4 Nb4 20. Nxb4 Bxb4 21. Rxd7 Bxd7 22. Rd1 Bc6 23. Be3 b5 24. Be2 Bxe4 25. Bxb5 Bd5 26. a3 Bd6 27. Bd2 Ra8 28. Bc3 Kf8 29. Bc6 Bxc6 30. Rxd6 Be8 31. Rb6 a4 32. Bb4+ Kg8 33. f3 Rc8 34. Bc3 Bc6 35. Ra6 f6 36. Ra7 e5 37. Kf2 Rd8 38. Ra6 Bb5 39. Ra5 Bc6 40. Ra6 Bb5 41. Rb6 Bc4 42. g4 Rd7 43. h4 Kf7 44. g5 Rd3 45. gxf6 gxf6 46. f4 Rh3 47. Rb4 Bb3 48. fxe5 fxe5 49. Bxe5 Rd3 50. Rb6 Be6 51. Ra6 Bb3 52. h5 Rh3 53. h6 Ke7 54. Ra7+ Ke6 55. Bf4 Bc2 56. Rc7 Be4 57. Ke2 Kf5 58. Bc1 Ke5 59. Re7+ Kd5 60. Ra7 Bc2 61. Kd2 Bg6 62. Ra5+ Kc6 63. Ke2 Rh2+ 64. Kf3 Rc2 65. Be3 Rxb2 66. Rxa4 Ra2 67. Ra6+ Kd5 68. Kg3 Be4 69. Ra7 Re2 70. Kf4 Bg6 71. a4 Rh2 72. Kg3 Ra2 73. Kf4 Ke6 74. Ra6+ Kf7 75. Bd4 Rh2 76. Bg7 Rh4+ 77. Ke5 Bc2 78. a5 Ra4 79. Ra7+ Kg6 80. Ra6+ Kf7 81. Kd5 Bd3 82. Ra7+ Kg6 83. Bf8 Be2 84. Ke5 Bd3 85. Kd5 Be2 86. Kc5 Bd3 87. Rg7+ Kh5 88. Ra7 Ra2 89. Bg7 Ra4 90. Bf8 Ra2 91. Kb4 Rf2 92. Ra8 Rf4+ 93. Kc3 Bf1 94. Bg7 Rf3+ 95. Kd4 Ra3 96. Ra7 Ra2 97. Bf8 Rf2 98. Bg7 Ra2 99. Kc3 Rf2 100. Rd7 Rf5 101. Kb4 Rb5+ 102. Ka4 Rf5 103. Rd4 Kg5 104. Rd6 Rf4+ 105. Kb3 Rf3+ 106. Bc3 Rf5 107. a6 Rf7 108. Bd4 Bg2 109. Kb4 Be4 110. Be3+ Kh5 111. Re6 Bf3 112. Re8 Bc6 113. Rg8 Re7 114. Rg3 Be4 115. Rg7 Re6 116. a7 Ra6 117. Kb5 Bd3+ 118. Kb4 Be4 119. Re7 Bg6 120. Re5+ Kh4 121. Re6 Rxe6 122. Bf2+ Kh5 123. a8=Q Re4+ 124. Kc3 Kxh6 125. Qd5 Kg7 126. Bd4+ Kh6 127. Kd2 Re8 128. Bf6 1-0


[Site "http://www.Chess.com"]

[Event "FIDE World Rapid Chess Championship 2021"]
[White "Bartel, Mateusz"]
[Black "Petrovskyi, Vadym"]
[WhiteFideId "1112635"]
[BlackFideId "14165210"]
[WhiteElo "2543"]
[BlackElo "2282"]
[Result "1-0"]
[Round "07"]
[TimeControl "900+10"]
[Date "2021.12.27"]
[WhiteClock "0:01:12"]
[BlackClock "0:00:04"]

1. e4 c5 2. Nf3 d6 3. Bb5+ Bd7 4. Bxd7+ Qxd7 5. O-O Nf6 6. Re1 Nc6 7. c3 e6 8. d4 cxd4 9. cxd4 d5 10. e5 Ne4 11. a3 Be7 12. Qd3 O-O 13. Nbd2 Nxd2 14. Bxd2 f6 15. exf6 Bxf6 16. Ng5 Bxg5 17. Bxg5 Rf5 18. Be3 Rc8 19. Rac1 Rff8 20. Rc2 Ne7 21. Rce2 Rc6 22. Bd2 Nf5 23. Bc3 Rf6 24. Re5 Qf7 25. Qe2 Nh4 26. Re3 h6 27. Qg4 Nf5 28. Re5 Rg6 29. Qh3 Rc4 30. Rd1 h5 31. Kh1 Rg4 32. Rde1 Rc6 33. Qf3 Qg6 34. g3 Qf7 35. Qd3 Rg6 36. Qe2 Rf6 37. f4 Rg6 38. Kg2 h4 39. g4 Nh6 40. h3 Qxf4 41. Re3 Nf5 42. Rf3 Qc7 43. Qf2 Ng3 44. Rf8+ Kh7 45. Re5 Qe7 46. Rf7 Qd8 47. Qc2 Ne4 48. Rxb7 Rc7 49. Rxc7 Qxc7 50. Qe2 Rf6 51. Be1 g5 52. Rxe4 dxe4 53. Qxe4+ Kh6 54. d5 exd5 55. Qe8 Qc2+ 56. Kg1 Qc5+ 57. Kg2 Qf8 58. Qh5+ Kg7 59. Qxg5+ Kh7 60. Qxd5 Qe7 61. Qd3+ Rg6 62. Bc3 Qb7+ 63. Kf2 Qf7+ 64. Ke1 Qe6+ 65. Kd2 Qd6 66. Bd4 Kg8 67. Bxa7 Qh2+ 68. Kc1 Qc7+ 69. Kb1 Re6 70. Bf2 Rh6 71. Ka1 Qc1+ 72. Ka2 Qc7 73. Qd5+ Kh7 74. Bd4 Rg6 75. Qh5+ Rh6 76. Qf5+ Rg6 77. Qd5 Rd6 78. Qe4+ Rg6 79. b3 Qf7 80. a4 Kh6 81. g5+ Rxg5 82. Be3 1-0


[Site "http://www.Chess.com"]

[Event "FIDE World Rapid Chess Championship 2021"]
[White "Michalik, Peter"]
[Black "Oparin, Grigoriy"]
[WhiteFideId "14907526"]
[BlackFideId "24125890"]
[WhiteElo "2515"]
[BlackElo "2725"]
[Result "1/2-1/2"]
[Round "07"]
[TimeControl "900+10"]
[Date "2021.12.27"]
[WhiteClock "0:00:14"]
[BlackClock "0:00:36"]

1. e4 e5 2. Nf3 Nc6 3. Nc3 Nf6 4. d4 exd4 5. Nxd4 Bb4 6. Nxc6 bxc6 7. Bd3 O-O 8. O-O d5 9. Bd2 Rb8 10. Re1 Re8 11. exd5 Rxe1+ 12. Qxe1 cxd5 13. a3 Be7 14. b4 c5 15. bxc5 Bxc5 16. Be3 Bb6 17. Bxb6 Rxb6 18. Rb1 Be6 19. Ne2 Ng4 20. Rxb6 Qxb6 21. h3 Ne5 22. Nf4 Nd7 23. Qc3 Qc5 24. Qxc5 Nxc5 25. Kf1 Kf8 26. Ke2 h6 27. Ke3 Ke7 28. Kd4 Kd6 29. Be2 Bc8 30. c4 dxc4 31. Bxc4 g5 32. Nh5 f5 33. Ng7 Ne4 34. Bd3 Nxf2 35. Bxf5 Bb7 36. g3 Nh1 37. Be4 Bxe4 38. Kxe4 Nxg3+ 39. Kf3 Nf1 40. Ke2 Ng3+ 41. Kf3 Nf1 42. Ke2 Ke5 1/2-1/2


[Site "http://www.Chess.com"]

[Event "FIDE World Rapid Chess Championship 2021"]
[White "Artemiev, Vladislav"]
[Black "Nguyen, Thai Dai Van"]
[WhiteFideId "24101605"]
[BlackFideId "358878"]
[WhiteElo "2714"]
[BlackElo "2488"]
[Result "1-0"]
[Round "07"]
[TimeControl "900+10"]
[Date "2021.12.27"]
[WhiteClock "0:00:35"]
[BlackClock "0:00:02"]

1. Nf3 d5 2. g3 Nf6 3. Bg2 e6 4. O-O Be7 5. c4 O-O 6. b3 c5 7. Bb2 Nc6 8. e3 d4 9. exd4 cxd4 10. Re1 a5 11. d3 Bc5 12. Na3 Re8 13. Nb5 e5 14. a3 h6 15. Nd2 Bf5 16. Qe2 Qd7 17. Ne4 Nxe4 18. Bxe4 Bxe4 19. Qxe4 Na7 20. Nxa7 Rxa7 21. Bc1 b6 22. Bd2 Qd6 23. Qg4 Bxa3 24. Bxh6 Qxh6 25. Rxa3 Qd6 26. Raa1 Rae7 27. Qf3 Qb4 28. Rab1 Qc5 29. h4 b5 30. h5 bxc4 31. bxc4 e4 32. dxe4 Qxc4 33. h6 gxh6 34. Qg4+ Kh8 35. Rb6 Re6 36. Rb7 Rg6 37. Qf4 Kg7 38. Rc1 Rxe4 39. Rxf7+ Qxf7 40. Qxe4 Rd6 41. Qe5+ Qf6 42. Rc7+ Kg6 43. Qe4+ Qf5 44. Rg7+ Kxg7 45. Qxf5 Rd8 46. Qxa5 Rd7 47. Qb5 1-0


[Site "http://www.Chess.com"]